BSA
HOUSTON MARSHALS @ JERSEY SHORE D-BAGS
03/07/2029
 
TOP OF THE 1ST
Houston Marshals batting - Pitching for Jersey Shore D-Bags : RHP Bob Moss
Pitching: RHP Bob Moss
Batting: LHB Guy Moss 0-0: SINGLE (Line Drive, 5D)
Batting: SHB Juan Gómez 0-0: Ball
Guy Moss is caught stealing 2nd base
1-0: Foul Ball, location: 2F
1-1: Ball
2-1: Fly out, F9 (Flyball, 9D)
Batting: LHB Lewis Barr 0-0: Ball
1-0: SOLO HOME RUN (Flyball, 7D), Distance : 401 ft
Batting: LHB José Rodríguez 0-0: Reached on error, E6 (Groundball, 6)
Batting: RHB Raúl Soto 0-0: Called Strike
0-1: Ball
1-1: Swinging Strike
1-2: Ball
2-2: Strikes out swinging
Top of the 1st over - 1 run, 2 hits, 1 error, 1 left on base; Houston 1 - Jersey Shore 0
BOTTOM OF THE 1ST
Jersey Shore D-Bags batting - Pitching for Houston Marshals : RHP Ron Scott
Pitching: RHP Ron Scott
Batting: LHB Juan Hernández 0-0: SINGLE (Groundball, 34D)
Batting: RHB Ricardo González 0-0: Called Strike
0-1: Ball
1-1: Ball
2-1: Grounds into double play, 5-4-3 (Groundball, 5D)
Batting: RHB Miguel Serna 0-0: Ball
1-0: Ball
2-0: Fly out, F9 (Flyball, 9D)
Bottom of the 1st over - 0 runs, 1 hit, 0 errors, 0 left on base; Houston 1 - Jersey Shore 0
TOP OF THE 2ND
Houston Marshals batting - Pitching for Jersey Shore D-Bags : RHP Bob Moss
Batting: LHB Matt Smith 0-0: Foul Ball, location: 2F
0-1: Ball
1-1: Ground out 6-3 (Groundball, 6)
Batting: RHB Esteban Lara 0-0: Foul Ball, location: 2F
0-1: Called Strike
0-2: Ball
1-2: Foul Ball, location: 2F
1-2: Ball
2-2: Strikes out swinging
Batting: RHB Javier Rentería 0-0: SINGLE (Groundball, 34S) (infield hit)
Batting: RHB Michael Thomas 0-0: Ball
1-0: Called Strike
1-1: SINGLE (Groundball, 56D)
Javier Rentería to second
Batting: LHB Guy Moss 0-0: Ball
1-0: Called Strike
1-1: Ball
2-1: Fly out, F7 (Line Drive, 7S)
Top of the 2nd over - 0 runs, 2 hits, 0 errors, 2 left on base; Houston 1 - Jersey Shore 0
BOTTOM OF THE 2ND
Jersey Shore D-Bags batting - Pitching for Houston Marshals : RHP Ron Scott
Batting: LHB Dave Dodd 0-0: Ball
1-0: Called Strike
1-1: Foul Ball, location: 2F
1-2: Foul Ball, location: 2F
1-2: Strikes out swinging
Batting: RHB Ben Morton 0-0: Ball
1-0: Ball
2-0: SINGLE (Groundball, 4MD)
Batting: LHB António Cedeño 0-0: Swinging Strike
0-1: Ball
1-1: SINGLE (Line Drive, 34D)
Ben Morton to second
Batting: RHB Mike Ingram 0-0: Foul Ball, location: 2F
0-1: TRIPLE (Flyball, 9LD)
Ben Morton scores
António Cedeño scores
Batting: LHB Albert Morgan 0-0: Called Strike
0-1: Called Strike
0-2: Foul Ball, location: 2F
0-2: Strikes out swinging
Batting: RHB Tetsunori Ito 0-0: Ball
1-0: Ball
2-0: Ball
3-0: Called Strike
3-1: Called Strike
3-2: Base on Balls
Batting: LHB Juan Hernández 0-0: Called Strike
0-1: Ball
1-1: Called Strike
1-2: Ground out 4-3 (Groundball, 34)
Bottom of the 2nd over - 2 runs, 3 hits, 0 errors, 2 left on base; Houston 1 - Jersey Shore 2
TOP OF THE 3RD
Houston Marshals batting - Pitching for Jersey Shore D-Bags : RHP Bob Moss
Batting: SHB Juan Gómez 0-0: Foul Ball, location: 2F
0-1: Called Strike
0-2: Foul Ball, location: 2F
0-2: Foul Ball, location: 2F
0-2: Ball
1-2: Fly out, F6 (Line Drive, 6)
Batting: LHB Lewis Barr 0-0: Fly out, F4 (Popup, 4M)
Batting: LHB José Rodríguez 0-0: Foul Ball, location: 2F
0-1: Fly out, F8 (Flyball, 8LD)
Top of the 3rd over - 0 runs, 0 hits, 0 errors, 0 left on base; Houston 1 - Jersey Shore 2
BOTTOM OF THE 3RD
Jersey Shore D-Bags batting - Pitching for Houston Marshals : RHP Ron Scott
Batting: RHB Ricardo González 0-0: Ground out 6-3 (Groundball, 56D)
Batting: RHB Miguel Serna 0-0: Called Strike
0-1: Ball
1-1: Called Strike
1-2: SOLO HOME RUN (Flyball, 7D), Distance : 387 ft
Batting: LHB Dave Dodd 0-0: Called Strike
0-1: Ball
1-1: Swinging Strike
1-2: SINGLE (Line Drive, 56)
Batting: RHB Ben Morton 0-0: Foul Ball, location: 2F
0-1: 2-RUN HOME RUN (Flyball, 7LD), Distance : 366 ft
Batting: LHB António Cedeño 0-0: Foul Ball, location: 2F
0-1: DOUBLE (Flyball, 8RXD)
Batting: RHB Mike Ingram 0-0: Called Strike
0-1: Ball
1-1: Foul Ball, location: 2F
1-2: Foul Ball, location: 2F
1-2: Ground out 4-3 (Groundball, 34)
António Cedeño to third
Batting: LHB Albert Morgan 0-0: Fly out, F5 (Popup, 5F)
Bottom of the 3rd over - 3 runs, 4 hits, 0 errors, 1 left on base; Houston 1 - Jersey Shore 5
TOP OF THE 4TH
Houston Marshals batting - Pitching for Jersey Shore D-Bags : RHP Bob Moss
Batting: RHB Raúl Soto 0-0: Ball
1-0: Ball
2-0: Foul Ball, location: 2F
2-1: Foul Ball, location: 2F
2-2: Foul Ball, location: 2F
2-2: Fly out, F8 (Line Drive, 8LD)
Batting: LHB Matt Smith 0-0: Fly out, F8 (Flyball, 8LXD)
Batting: RHB Esteban Lara 0-0: Called Strike
0-1: Swinging Strike
0-2: Strikes out swinging, 2-3 out at first.
Top of the 4th over - 0 runs, 0 hits, 0 errors, 0 left on base; Houston 1 - Jersey Shore 5
BOTTOM OF THE 4TH
Jersey Shore D-Bags batting - Pitching for Houston Marshals : RHP Ron Scott
Batting: RHB Tetsunori Ito 0-0: Ball
1-0: Ball
2-0: Ground out U3 (Groundball, 34)
Batting: LHB Juan Hernández 0-0: Fly out, F7 (Line Drive, 7)
Batting: RHB Ricardo González 0-0: Ball
1-0: Ball
2-0: Ball
3-0: Called Strike
3-1: Foul Ball, location: 2F
3-2: SINGLE (Groundball, 56D)
Batting: RHB Miguel Serna 0-0: Ball
1-0: Fly out, F7 (Flyball, 78M)
Bottom of the 4th over - 0 runs, 1 hit, 0 errors, 1 left on base; Houston 1 - Jersey Shore 5
TOP OF THE 5TH
Houston Marshals batting - Pitching for Jersey Shore D-Bags : RHP Bob Moss
Pitching: RHP Barry Garner
Batting: RHB Javier Rentería 0-0: Swinging Strike
0-1: Foul Ball, location: 2F
0-2: Strikes out swinging
Batting: RHB Michael Thomas 0-0: Called Strike
0-1: Foul Ball, location: 2F
0-2: Ball
1-2: Ball
2-2: Strikes out swinging
Batting: LHB Guy Moss 0-0: Hit by Pitch
Batting: SHB Juan Gómez 0-0: Called Strike
0-1: Called Strike
0-2: Ball
1-2: Ball
Throwing error on steal attempt, E2
Guy Moss to third
2-2: Ground out 4-3 (Groundball, 4)
Top of the 5th over - 0 runs, 0 hits, 1 error, 1 left on base; Houston 1 - Jersey Shore 5
BOTTOM OF THE 5TH
Jersey Shore D-Bags batting - Pitching for Houston Marshals : RHP Ron Scott
Pitching: LHP Edgardo Guzmán
Batting: LHB Dave Dodd 0-0: Called Strike
0-1: Ball
1-1: TRIPLE (Flyball, 78XD)
Batting: RHB Ben Morton 0-0: Called Strike
0-1: Ball
1-1: Ball
2-1: Fly out, F8 (Flyball, 8RS)
Runner from 3rd tags up, SCORES, no throw
Batting: LHB António Cedeño 0-0: Called Strike
0-1: Called Strike
0-2: Strikes out swinging
Batting: RHB Mike Ingram 0-0: Called Strike
0-1: Ground out 6-3 (Groundball, 6)
Bottom of the 5th over - 1 run, 1 hit, 0 errors, 0 left on base; Houston 1 - Jersey Shore 6
TOP OF THE 6TH
Houston Marshals batting - Pitching for Jersey Shore D-Bags : RHP Barry Garner
Batting: LHB Lewis Barr 0-0: Called Strike
0-1: Called Strike
0-2: Ball
1-2: Ball
2-2: Hit by Pitch
Batting: LHB José Rodríguez 0-0: Called Strike
0-1: Foul Ball, location: 2F
0-2: Foul Ball, location: 2F
0-2: Ball
1-2: Foul Ball, location: 2F
1-2: Ball
2-2: Strikes out swinging
Batting: RHB Raúl Soto 0-0: Foul Ball, location: 2F
0-1: Swinging Strike
0-2: Foul Ball, location: 2F
0-2: Ball
1-2: Strikes out looking
Batting: LHB Matt Smith 0-0: Ball
1-0: Called Strike
1-1: Ball
2-1: Foul Ball, location: 2F
2-2: Foul Ball, location: 2F
2-2: Foul Ball, location: 2F
2-2: Foul Ball, location: 2F
2-2: Foul Ball, location: 2F
2-2: Ball
3-2: Base on Balls
Lewis Barr to second
Batting: RHB Esteban Lara 0-0: Ball
1-0: Ball
2-0: Foul Ball, location: 2F
2-1: Foul Ball, location: 2F
2-2: Fielders Choice at 2nd, 5-4 (Groundball, 56)
Top of the 6th over - 0 runs, 0 hits, 0 errors, 2 left on base; Houston 1 - Jersey Shore 6
BOTTOM OF THE 6TH
Jersey Shore D-Bags batting - Pitching for Houston Marshals : LHP Edgardo Guzmán
Batting: LHB Albert Morgan 0-0: Ball
1-0: Ball
2-0: Ball
3-0: Called Strike
3-1: Base on Balls
Batting: RHB Tetsunori Ito 0-0: Reached on error, E4 (Groundball, 34)
Albert Morgan to second
Pinch Hitting: LHB Marcos Villarreal 0-0: Ball
1-0: SINGLE (Groundball, 4MD)
Albert Morgan to third
Tetsunori Ito to second
Batting: RHB Ricardo González 0-0: Ball
1-0: Called Strike
1-1: Ball
2-1: Foul Ball, location: 2F
2-2: Ball
3-2: Base on Balls
Albert Morgan scores
Tetsunori Ito to third
Marcos Villarreal to second
Batting: RHB Miguel Serna 0-0: Grounds into fielders choice 1-2 (Groundball, 15)
Marcos Villarreal to third
Ricardo González to second
Batting: LHB Dave Dodd 0-0: Ball
1-0: Called Strike
1-1: Fly out, F7 (Flyball, 78M)
Runner from 3rd tags up, OUT at HOME
Bottom of the 6th over - 1 run, 1 hit, 1 error, 2 left on base; Houston 1 - Jersey Shore 7
TOP OF THE 7TH
Houston Marshals batting - Pitching for Jersey Shore D-Bags : RHP Barry Garner
Now in CF: Lowie van den Bogaert
Batting: RHB Javier Rentería 0-0: SINGLE (Groundball, 4MD)
Batting: RHB Michael Thomas 0-0: Foul Ball, location: 2F
0-1: Foul Ball, location: 2F
0-2: Ball
Wild Pitch!
Javier Rentería to second
1-2: Ball
Wild Pitch!
Javier Rentería to third
2-2: Ball
3-2: Strikes out swinging
Batting: LHB Guy Moss 0-0: Ball
1-0: Swinging Strike
1-1: Ball
2-1: Ball
3-1: Swinging Strike
3-2: Foul Ball, location: 2F
3-2: Ground out 6-3 (Groundball, 6)
Javier Rentería scores
Batting: SHB Juan Gómez 0-0: Ball
1-0: Ball
2-0: Ball
3-0: Foul Ball, location: 2F
3-1: Foul Ball, location: 2F
3-2: Ground out 6-3 (Groundball, 6)
Top of the 7th over - 1 run, 1 hit, 0 errors, 0 left on base; Houston 2 - Jersey Shore 7
BOTTOM OF THE 7TH
Jersey Shore D-Bags batting - Pitching for Houston Marshals : LHP Edgardo Guzmán
Batting: RHB Ben Morton 0-0: Foul Ball, location: 2F
0-1: DOUBLE (Line Drive, 9LD)
Pinch Hitting: RHB Pat Fullerton 0-0: Ball
1-0: Ball
2-0: Ball
3-0: Base on Balls
Batting: RHB Mike Ingram 0-0: Called Strike
0-1: Grounds into double play, 6-4-3 (Groundball, 6)
Ben Morton to third
Batting: LHB Albert Morgan 0-0: Ball
1-0: Called Strike
1-1: Foul Ball, location: 2F
1-2: Foul Ball, location: 2F
1-2: Foul Ball, location: 2F
1-2: Fly out, F6 (Line Drive, 6)
Bottom of the 7th over - 0 runs, 1 hit, 0 errors, 1 left on base; Houston 2 - Jersey Shore 7
TOP OF THE 8TH
Houston Marshals batting - Pitching for Jersey Shore D-Bags : RHP Barry Garner
Now in LF: Pat Fullerton
Batting: RHB Chris Parker 0-0: Swinging Strike
0-1: Ball
1-1: Swinging Strike
1-2: Ground out 6-3 (Groundball, 6)
Batting: LHB José Rodríguez 0-0: DOUBLE (Line Drive, 9D)
Batting: RHB Raúl Soto 0-0: Ball
1-0: Ball
2-0: Ball
3-0: Ground out 5-3 (Groundball, 56)
Pinch Hitting: LHB Bernardo Morales 0-0: Ball
1-0: Foul Ball, location: 2F
1-1: Swinging Strike
1-2: Ball
2-2: Strikes out swinging
Top of the 8th over - 0 runs, 1 hit, 0 errors, 1 left on base; Houston 2 - Jersey Shore 7
BOTTOM OF THE 8TH
Jersey Shore D-Bags batting - Pitching for Houston Marshals : LHP Edgardo Guzmán
Pitching: RHP Alberto Márquez
Now at 1B: Bernardo Morales
Batting: RHB Tetsunori Ito 0-0: Foul Ball, location: 2F
0-1: Ball
1-1: SINGLE (Line Drive, 6MD)
Batting: RHB Lowie van den Bogaert 0-0: Ball
1-0: Foul Ball, location: 2F
1-1: Called Strike
1-2: Ball
2-2: Ball
3-2: Strikes out swinging
Batting: RHB Ricardo González 0-0: Grounds into double play, 5-4-3 (Groundball, 5)
Bottom of the 8th over - 0 runs, 1 hit, 0 errors, 0 left on base; Houston 2 - Jersey Shore 7
TOP OF THE 9TH
Houston Marshals batting - Pitching for Jersey Shore D-Bags : RHP Barry Garner
Pinch Hitting: SHB Ramón Lugo 0-0: Called Strike
0-1: Called Strike
0-2: Foul Ball, location: 2F
0-2: Ball
1-2: Strikes out swinging
Batting: RHB Javier Rentería 0-0: Foul Ball, location: 2F
0-1: Ball
1-1: Swinging Strike
1-2: Fly out, F7 (Flyball, 78M)
Pinch Hitting: RHB Jim Tracy 0-0: Fly out, F9 (Flyball, 9S)
Top of the 9th over - 0 runs, 0 hits, 0 errors, 0 left on base; Houston 2 - Jersey Shore 7
Saturday, December 16th, 2017 - OOTP Baseball 18.8 Build 76